 Dungeon Crawl Stone Soup version 0.32-a0-913-g739538afd8 (webtiles) character file.

Game seed: 15497111116846206751

27984 Foxy the Basher (level 13, -5/156 HPs)
             Began as a Coglin Berserker on Apr 8, 2024.
             Was a High Priest of Trog.
             Killed by divine providence
             ... invoked by a meliai
              (12 damage)
             ... on level 14 of the Dungeon.
             The game lasted 00:29:21 (15421 turns).

Foxy the Basher (Coglin Berserker)                 Turns: 15421, Time: 00:29:23

Health: -5/156     AC: 15    Str: 21    XL:     13   Next: 35%
Magic:  4/4        EV: 13    Int:  9    God:    Trog [*****.]
Gold:   934        SH:  0    Dex: 15    Spells: 12/12 levels left

rFire   . . .        v - +8 whip of Nocur {antimagic, Dex+2}
rCold   . . .        J - +2 morningstar (flame) {Daeho}
rNeg    . . .        B - +4 ring mail
rPois   .            (no helmet)
rElec   .            C - +0 cloak {Stlth+}
rCorr   .            e - +0 pair of gloves
SInv    .            s - +2 pair of boots
Will    .....        (amulet unavailable) Stlth
                     (ring unavailable)
HPRegen 0.46/turn    (ring unavailable)
MPRegen 0.09/turn    (no gizmo)

%: no passive effects
@: berserking, lethally poisoned (-5 -> -17), revving, very quick
A: off-hand wielding, slow wielding, warmup strikes, no jewellery, subdued magic
1
a: Invent Gizmo, Renounce Religion, Berserk, Trog's Hand, Brothers in Arms


You were on level 14 of the Dungeon.
You worshipped Trog.
Trog was extremely pleased with you.
You visited 1 branch of the dungeon, and saw 14 of its levels.
You also visited: Sewer and Bailey.

You collected 1834 gold pieces.
You spent 900 gold pieces at shops.

Inventory:

Hand Weapons
 r - the +6 dagger "Ygegyud" {flame, *Corrode rElec rC+ Int+6}
   (You took it off a goblin on level 3 of the Dungeon)

   Int+6:     It affects your intelligence (+6).
   rC+:       It protects you from cold.
   rElec:     It insulates you from electricity.
   *Corrode:  It may corrode you when you take damage.
 v - the +8 whip of Nocur (weapon) {antimagic, Dex+2}
   (You found it in a sewer)

   Dex+2:     It affects your dexterity (+2).
 J - a +2 morningstar of flaming (offhand) {Daeho}
Missiles
 u - 15 curare-tipped darts (quivered)
Armour
 e - a +0 pair of gloves (worn)
 s - a +2 pair of boots (worn)
 y - -1 gold dragon scales
 B - a +4 ring mail (worn)
 C - a +0 cloak of stealth (worn)
Wands
 m - a wand of quicksilver (12)
 p - a wand of flame (35)
 A - a wand of warping (11)
 D - a wand of mindburst (11)
 H - a wand of polymorph (5)
Scrolls
 c - a scroll of silence
 d - a scroll of identify
 f - 3 scrolls of fear
 i - 2 scrolls of immolation
 j - 4 scrolls of enchant weapon
 l - a scroll of fog
 o - 5 scrolls of teleportation
 t - a scroll of torment
 x - a scroll of brand weapon {unknown}
 z - a scroll of enchant armour {unknown}
 F - 2 scrolls of blinking
Potions
 a - 3 potions of enlightenment
 b - 8 potions of ambrosia
 g - 3 potions of heal wounds
 k - 2 potions of magic
 n - 3 potions of haste
 q - a potion of attraction {unknown}
 w - 5 potions of curing {unknown}
 E - 3 potions of mutation
 G - a potion of invisibility
 I - a potion of might {unknown}


   Skills:
 + Level 10.4 Fighting
 - Level 3.8(9.9) Axes
 * Level 12.4(12.6) Maces & Flails
 - Level 3.3(4.1) Polearms
 + Level 5.1 Throwing
 + Level 5.3 Armour
 - Level 7.6 Dodging
 + Level 11.3 Evocations


You had 12 spell levels left.
You didn't know any spells.
Your spell library was empty.

Dungeon Overview and Level Annotations

Branches:
Dungeon (14/15)            Temple (0/1) D:4            Lair (0/5) D:9
    Orc (0/2) D:12         Vaults (0/5) D:13          Sewer (visited)
 Bailey (visited)

Altars:
Hepliaklqana
Sif Muna
Uskayaw
Beogh

Shops:
D:2 (   D:5 *   D:8 *

Annotations:
D:7 1 runed translucent door


Innate Abilities, Weirdness & Mutations

You can wield a second weapon in your off-hand.
It takes a long time for you to wield or remove held weapons.
Your first few attacks do less damage.
You cannot equip rings or amulets.
Your spells are a little easier to cast, but a little less powerful.


Message History

The meliai buzzes angrily.
The meliai buzzes angrily.
You hear an angry hiss.
The meliai invokes the aid of its god against you.
Something smites you!
You hear an angry buzzing noise.
You hear the loud beating of a distant drum.
The meliai calls down the wrath of its god upon you.
Something smites you!
The meliai calls down the wrath of its god upon you.
Something smites you!
* * * LOW HITPOINT WARNING * * *
Okay, then.
A red film seems to cover your vision as you go berserk!
You feel yourself moving faster!
You feel mighty! The meliai hits you but does no damage. The meliai stings you!
* * * LOW HITPOINT WARNING * * *
You are poisoned.
The meliai poisons you!
You completely miss the meliai with the +8 whip of Nocur.
You miss the meliai with your +2 morningstar of flaming.
You feel very sick. The meliai hits you with a +0 hand axe!
* * * LOW HITPOINT WARNING * * *
The meliai stings you.
* * * LOW HITPOINT WARNING * * *
You whack the meliai with the +8 whip of Nocur!
The meliai is moderately wounded.
You hit the meliai with your +2 morningstar of flaming.
You burn the meliai.
You feel sick.
The meliai invokes the aid of its god against you.
Something smites you!
* * * LOW HITPOINT WARNING * * *
You closely miss the meliai with your +2 morningstar of flaming.
The meliai is moderately wounded.
You hit the meliai with the +8 whip of Nocur.
* * * LOW HITPOINT WARNING * * *
You feel sick.
The meliai mumbles some strange prayers to its god against you.
Something smites you!
You die...

.... ..... #### ...y.
#.... ...... ....>
......# .....
.......#############
##.....
#.yy.y.§§§.§§.####......
########y§§#§...(....?..
#.@§####....###....
.......### ###....# ...
####### #..#......
#.#####.## #.# . #...
..############<###### .
#...#
........>.........# #
#.#...#
######..###..........!..
#.#...#
#................###..##


You could see a meliai.

Vanquished Creatures
  2 vault guards (Bailey)
  An ogre mage (D:13)
  A hydra (D:11)
  A centaur warrior (D:14)
  7 two-headed ogres
  Urug (D:10)
  Sonja (D:10)
  Lodul (D:12)
  2 deep elf pyromancers
  A manticore (D:12)
  A cyclops (D:12)
  The ghost of rvierbuc the Covert, a novice FeCj of Sif Muna (D:7)
  2 gargoyles
  3 unseen horrors
  5 kobold demonologists
  4 efreet
  A queen bee (D:10)
  Prince Ribbit (D:7)
  Grinder (Sewer)
  A blink frog (Bailey)
  Sigmund (D:6)
  3 wyverns
  A wraith (D:10)
  A shadow (D:11)
  13 yaks
  2 vampires
  3 humans (Bailey)
  A basilisk (D:11)
  2 steam dragons
  7 vampire mosquitoes
  2 acid dragons (D:13)
  6 water moccasins
  7 orc warriors
  2 black bears (D:7)
  2 laughing skulls (D:13)
  6 ogres (D:12)
  3 phantoms
  8 centaurs
  8 kobold brigands
  4 scorpions
  A gnoll sergeant (D:12)
  17 bullfrogs
  4 wights (D:10)
  31 killer bees
  5 howler monkeys
  A lava snake (D:7)
  5 jellies
  A bombardier beetle (D:5)
  3 hounds
  A gnoll bouda (D:8)
  7 orc priests
  3 iguanas
  12 orc wizards
  2 kobold zombies (Sewer)
  9 gnolls
  6 adders
  A shadow imp (Sewer)
  2 white imps
  An ufetubus (Sewer)
  An adder zombie (Sewer)
  A ribbon worm (D:4)
  A dart slug (D:2)
  41 orcs
  7 ball pythons
  A bat zombie (Sewer)
  7 endoplasms
  5 giant cockroaches
  13 goblins
  7 hobgoblins
  2 jackals (D:5)
  3 quokkas
  4 bats
  2 frilled lizards
  40 kobolds
  5 rats
372 creatures vanquished.

Vanquished Creatures (others)
  3 orcs (D:7)
3 creatures vanquished.

Grand Total: 375 creatures vanquished

Notes
Turn   | Place    | Note
-------+----------+-------------------------------------------
     0 | D:1      | Foxy the Coglin Berserker began the quest for the Orb.
     0 | D:1      | Reached XP level 1. HP: 18/18 MP: 1/1
   374 | D:1      | Reached XP level 2. HP: 21/24 MP: 2/2
  1032 | D:2      | Reached XP level 3. HP: 21/29 MP: 3/3
  1051 | D:2      | Identified the +0 leather armour of Nibusyd {rF+}
  1101 | D:2      | Found Xoryemat's Antique Weapon Shoppe.
  1152 | D:2      | Reached ** piety under Trog
  1511 | D:2      | Found a faded altar of an unknown god.
  1795 | D:3      | Reached XP level 4. HP: 35/35 MP: 4/4
  2283 | D:3      | Identified the +6 dagger "Ygegyud" {flame, *Corrode rElec
                  | rC+ Int+6}
  2531 | D:4      | Reached skill level 1 in Polearms
  2626 | D:4      | Found a glowing drain.
  2646 | Sewer    | Entered a sewer
  2681 | Sewer    | Reached XP level 5. HP: 24/42 MP: 5/5
  2803 | Sewer    | Reached skill level 1 in Maces & Flails
  2883 | Sewer    | Found an ancient bone altar of Kikubaaqudgha.
  2885 | Sewer    | Noticed a phantom
  2903 | Sewer    | Killed a phantom
  2904 | Sewer    | Reached XP level 6. HP: 48/48 MP: 6/6
  2951 | Sewer    | Noticed Grinder
  2963 | Sewer    | Killed Grinder
  2964 | Sewer    | Reached skill level 2 in Maces & Flails
  3001 | Sewer    | Reached XP level 7. HP: 46/55 MP: 7/7
  3050 | Sewer    | Identified the +8 whip of Nocur {antimagic, Dex+2}
  3143 | D:4      | Reached skill level 3 in Maces & Flails
  3210 | D:4      | Found a staircase to the Ecumenical Temple.
  3907 | D:5      | Entered Level 5 of the Dungeon
  4070 | D:5      | Reached *** piety under Trog
  4122 | D:5      | Reached skill level 5 in Fighting
  4156 | D:5      | Reached XP level 8. HP: 62/62 MP: 2/8
  4264 | D:5      | Reached skill level 4 in Maces & Flails
  4683 | D:5      | Gained mutation: You are weak. (Str -2) [potion of
                  | mutation]
  4683 | D:5      | Gained mutation: Your system is resistant to poisons.
                  | (rPois) [potion of mutation]
  4683 | D:5      | Gained mutation: You have a pair of small horns on your
                  | head. [potion of mutation]
  4684 | D:5      | Lost mutation: You have a pair of small horns on your head.
                  | [potion of mutation]
  4684 | D:5      | Lost mutation: Your system is resistant to poisons. (rPois)
                  | [potion of mutation]
  4684 | D:5      | Lost mutation: You are weak. (Str -2) [potion of mutation]
  4684 | D:5      | Gained mutation: Your spells are a little easier to cast,
                  | but a little less powerful. [potion of mutation]
  4684 | D:5      | HP: 3/62 [poisoned by a scorpion]
  4689 | D:5      | HP: 2/93 [poisoned by a scorpion]
  5067 | D:5      | Found Kyfuteph's General Store.
  5276 | D:6      | Reached skill level 1 in Evocations
  5367 | D:6      | Reached skill level 5 in Maces & Flails
  5426 | D:6      | Noticed Sigmund
  5516 | D:6      | Killed Sigmund
  5636 | D:6      | Reached skill level 5 in Dodging
  5636 | D:6      | Reached XP level 9. HP: 64/69 MP: 3/9
  6006 | D:7      | Found a hazy altar of Hepliaklqana.
  6043 | D:7      | Reached skill level 6 in Maces & Flails
  6135 | D:7      | Noticed a deep elf pyromancer
  6154 | D:7      | Killed a deep elf pyromancer
  6717 | D:7      | Noticed a sixfirhy
  6718 | D:7      | Found a runed translucent door.
  6754 | D:7      | Noticed Prince Ribbit
  6758 | D:7      | Killed Prince Ribbit
  6776 | D:7      | Reached skill level 7 in Maces & Flails
  6776 | D:7      | Reached skill level 5 in Evocations
  6799 | D:7      | Found a shimmering blue altar of Sif Muna.
  6799 | D:7      | Found a hide-covered altar of Uskayaw.
  6872 | D:7      | Found a runed translucent gate.
  6872 | D:7      | Found a runed translucent gate.
  6872 | D:7      | Found a runed translucent gate.
  6876 | D:7      | Noticed rvierbuc's ghost (novice FeCj)
  6961 | D:7      | Found a roughly hewn altar of Beogh.
  7019 | D:7      | Killed rvierbuc's ghost
  7022 | D:7      | Reached XP level 10. HP: 62/79 MP: 3/10
  7452 | D:8      | Noticed a two-headed ogre
  7460 | D:8      | Killed a two-headed ogre
  7461 | D:8      | Reached skill level 8 in Maces & Flails
  7903 | D:8      | Reached **** piety under Trog
  7938 | D:8      | Found Fotauj's Lightly-Used Armoury.
  8177 | D:9      | Noticed a kobold demonologist
  8178 | D:9      | Noticed a kobold demonologist
  8187 | D:9      | Killed a kobold demonologist
  8189 | D:9      | Killed a kobold demonologist
  8190 | D:9      | Noticed a kobold demonologist
  8201 | D:9      | Killed a kobold demonologist
  8416 | D:9      | Reached skill level 9 in Maces & Flails
  8423 | D:9      | Reached XP level 11. HP: 86/86 MP: 3/11
  8429 | D:9      | Found a staircase to the Lair.
  8436 | D:9      | Noticed a two-headed ogre
  8487 | D:9      | Killed a two-headed ogre
  8758 | D:9      | Identified the +0 robe of Usulacusabb {^Drain rC- rCorr
                  | MP+9}
  9021 | D:9      | Noticed a two-headed ogre
  9025 | D:9      | Killed a two-headed ogre
  9148 | D:10     | Entered Level 10 of the Dungeon
  9160 | D:10     | Identified a scroll of acquirement
  9160 | D:10     | Acquired 1009 gold pieces
  9218 | D:10     | Noticed Sonja
  9220 | D:10     | Killed Sonja
  9221 | D:10     | Reached skill level 10 in Maces & Flails
  9564 | D:10     | Reached skill level 1 in Throwing
  9610 | D:10     | Found a flagged portal.
  9619 | Bailey   | Entered a bailey
  9670 | Bailey   | Reached ***** piety under Trog
  9760 | Bailey   | Noticed a vault guard
  9788 | Bailey   | Killed a vault guard
  9847 | Bailey   | Noticed a vault guard
  9858 | Bailey   | Killed a vault guard
  9859 | Bailey   | Reached XP level 12. HP: 95/95 MP: 4/12
 10693 | D:10     | Noticed Urug
 10704 | D:10     | Killed Urug
 10944 | D:10     | Reached skill level 11 in Maces & Flails
 11369 | D:11     | Noticed a two-headed ogre
 11377 | D:11     | Killed a two-headed ogre
 11550 | D:11     | Noticed an eight-headed hydra
 11554 | D:11     | Killed an eight-headed hydra
 11555 | D:11     | Reached skill level 10 in Evocations
 12956 | D:8      | Bought -1 gold dragon scales for 900 gold pieces
 13857 | D:12     | Reached skill level 10 in Fighting
 13869 | D:12     | Received a gift from Trog
 13904 | D:12     | Found a staircase to the Orcish Mines.
 14075 | D:12     | Noticed Lodul
 14107 | D:12     | Killed Lodul
 14362 | D:13     | Reached XP level 13. HP: 103/103 MP: 4/13
 14428 | D:13     | Reached skill level 12 in Maces & Flails
 14737 | D:13     | Found a gate to the Vaults.
 14749 | D:13     | Reached skill level 5 in Armour
 15295 | D:14     | Reached skill level 5 in Throwing
 15410 | D:14     | Identified the +8 short sword of Asonka Mago {freeze, Fly
                  | rF+ rN+ Dex+4}
 15421 | D:14     | HP: 7/156 [poisoned by a meliai]
 15421 | D:14     | Killed from afar by a meliai

Illustrated notes

Levels and vault maps discovered:
D:1:      psy_arrival_basics, layout_basic
D:2:      layout_loops_ring, shapermc_ecumenical_altar_mp_vishouse,
          serial_shops, nicolae_shop_peninsula
D:3:      layout_basic
D:4:      layout_layer_cave, minmay_temple_entry_glassed_door,
          cheibrodos_sewer_entry_drain, minmay_misc_feat_more_columns
D:5:      layout_layer_cave, serial_shops, nicolae_lakefront_shop
D:6:      layout_basic, kennysheep_generic_room_3, uniq_sigmund
D:7:      cheibrodos_shockbox, layout_loops_ring,
          nicolae_hepliaklqana_hazy_memory, nicolae_overflow_two_pavilions,
          biasface_ghost_orc_armoury, uniq_prince_ribbit1
D:8:      kennysheep_spiral_hall, layout_loops_corners, minmay_shop_damaged
D:9:      layout_roguey, minmay_lair_entry_grove, nicolae_twisty_statue_hallways
D:10:     layout_grid_maze, enter_bailey_3, minivault_7, uniq_sonja, uniq_urug
D:11:     layout_grid_maze
D:12:     layout_irregular_city, hiddenorc1_lemuel, uniq_lodul
D:13:     layout_basic, david_vaults_2, serial_corexii_hall,
          corexii_hall_statues_u, corexii_hall_statues_deadend
D:14:     layout_rooms, chequers_garden, gauntlet_entry_generic,
          nicolae_splish_splash

Skill      XL: |  1  2  3  4  5  6  7  8  9 10 11 12 13 |
---------------+----------------------------------------+-----
Dodging        | 2 3 4 5 6 7 |  7.6
Polearms       | 1 2 3 |  3.3
Maces & Flails | 1 2 3 5 7 9 10 11 12 | 12.4
Fighting       | 4 5 6 7 8 9 10 | 10.4
Evocations     | 3 5 7 9 10 11 | 11.3
Armour         | 2 4 5 |  5.3
Throwing       | 2 4 5 |  5.1
Axes           | |  3.8

Action                     |  1- 3 |  4- 6 |  7- 9 | 10-12 | 13-15 || total
---------------------------+-------+-------+-------+-------+-------++-------
  Melee: Hand axe          |    50 |       |       |       |       ||    50
         Dagger            |    44 |       |       |       |       ||    44
         Trident           |    13 |    80 |       |       |       ||    93
         Whip              |     6 |    63 |   314 |  1094 |    74 ||  1551
         Morningstar       |       |       |       |    28 |    74 ||   102
  Throw: Dart              |       |       |       |     7 |       ||     7
 Invoke: Berserk           |       |     2 |     4 |    13 |     3 ||    22
  Evoke: Wand              |       |       |       |    13 |       ||    13
    Use: Scroll            |       |       |     5 |    12 |     2 ||    19
         Potion            |       |       |     5 |       |       ||     5
   Stab: Sleeping          |     2 |       |     1 |       |       ||     3
         Distracted        |       |       |       |     1 |       ||     1
 Armour: Animal skin       |    11 |       |       |       |       ||    11
         Leather armour    |    14 |    41 |   113 |     1 |       ||   169
         Ring mail         |       |       |       |   322 |    69 ||   391
  Dodge: Dodged            |    44 |    43 |    85 |   317 |    80 ||   569

Table legend: (Time is in decaauts)
 A = Elapsed time spent in this place.
 B = Non-inter-level travel time spent in this place.
 C = Inter-level travel time spent in this place.
 D = Time resting spent in this place.
 E = Time spent auto-exploring this place.
 F = Levels seen in this place.
 G = Mean time per level.
                   A        B        C        D        E       F      G
               +--------+--------+--------+--------+--------+-----+--------+
         Total |  15356 |  14792 |    564 |   1105 |  10502 |  16 |  959.8 |
       Dungeon |  14552 |  13988 |    564 |    985 |  10257 |  14 | 1039.4 |
         Sewer |    451 |    451 |      0 |     57 |    182 |   1 |  451.0 |
        Bailey |    352 |    352 |      0 |     62 |     63 |   1 |  352.0 |
               +--------+--------+--------+--------+--------+-----+--------+

Top non-repeatable levels by time:
    D:10: 1767 daAuts
    D:11: 1610 daAuts
     D:5: 1336 daAuts
    D:12: 1254 daAuts
     D:7: 1228 daAuts
     D:9: 1052 daAuts
     D:4: 1039 daAuts
     D:1: 974 daAuts
     D:8: 962 daAuts
    D:13: 942 daAuts
     D:6: 771 daAuts
     D:2: 764 daAuts
     D:3: 716 daAuts
   Sewer: 451 daAuts
  Bailey: 352 daAuts
